 Dungeon Crawl Stone Soup version 0.15.1-3-g1b33baa (webtiles) character file.

228 CrazyArbalest the Covered (level 6, -1/42 HPs)
             Began as a Halfling Fighter on Oct 7, 2014.
             Killed by divine providence
             ... invoked by an orc priest
              (12 damage)
             ... on Level 4 of the Dungeon.
             The game lasted 00:11:04 (3129 turns).

CrazyArbalest the Covered (Halfling Fighter)        Turns: 3129, Time: 00:11:05

HP  -1/42        AC  8     Str 16      XL: 6   Next: 22%
MP   6/6         EV 10     Int  7      God:
Gold 180         SH  6     Dex 16      Spells:  0 memorised,  5 levels left

rFire  . . .     SeeInvis .     a - +0 cutlass
rCold  . . .     Clarity  .     b - +0 scale mail
rNeg   . . .     rCorr    .     c - +0 buckler
rPois  .         rRot     .     (no helmet)
rElec  .         Spirit   .     r - +0 cloak
SustAb .         Warding  .     (no gloves)
rMut   .         Stasis   .     (no boots)
Gourm  .                        (no amulet)
MR     .....                    (no ring)
                                (no ring)

@: not resistant to hostile enchantments, extremely unstealthy
A: mutation resistance 1
a: no special abilities


You were on level 4 of the Dungeon.
You were hungry.

You visited 1 branch of the dungeon, and saw 4 of its levels.

You collected 180 gold pieces.

Inventory:

Hand weapons
 a - a +0 cutlass (weapon)
Missiles
 j - 55 stones (quivered)
Armour
 b - a +0 scale mail (worn)
 c - a +0 buckler (worn)
 r - a +0 cloak (worn)
Comestibles
 d - 3 bread rations
 s - a beef jerky
 v - a chunk of bat flesh
 w - a meat ration
 z - 2 rotting chunks of goblin flesh
Scrolls
 f - 3 scrolls of immolation {unknown}
 h - a scroll of teleportation {unknown}
 k - 3 scrolls of identify {unknown}
 l - a scroll of noise {unknown}
 m - 2 scrolls of enchant armour {unknown}
 n - a scroll of enchant weapon {unknown}
 o - 5 scrolls of remove curse {unknown}
 u - a scroll of fog {unknown}
Potions
 e - 2 potions of might
 g - 2 potions of curing {unknown}
 q - a potion of agility {unknown}
 t - a potion of heal wounds {unknown}
 x - 2 potions of brilliance {unknown}
Books
 i - a book of Necromancy

   Spells                             Type                      Level
   Pain                               Necromancy                   1
   Animate Skeleton                   Necromancy                   1
   Vampiric Draining                  Necromancy                   3
   Regeneration                       Charms/Necromancy            3
   Animate Dead                       Necromancy                   4
   Control Undead                     Necromancy                   4
Miscellaneous
 p - a plain deck of defence


   Skills:
 + Level 3.2 Fighting
 + Level 4.4 Short Blades
 + Level 4.4 Armour
 + Level 2.5 Dodging
 + Level 0.4 Stealth
 + Level 4.3 Shields


You had 5 spell levels left.
You didn't know any spells.

Dungeon Overview and Level Annotations

Branches:
Dungeon (4/15)
 Temple: D:4-7

Altars:
Fedhas
Nemelex Xobeh
Okawaru
Xom
Zin

Annotations:
D:3 Kex's ghost, weakling GrFi


Innate Abilities, Weirdness & Mutations

You are small and have problems with some larger weapons.
You are somewhat resistant to further mutation.


Message History

Something smites you!
The orc wizard gestures wildly while chanting.
You feel troubled.
You are feeling hungry.
The orc priest invokes the aid of Beogh against you.
Something smites you!
You smell decay.
Yuck! (slot z)
There is an open door here.
The orc priest calls down the wrath of Beogh upon you.
Something smites you!
* * * LOW HITPOINT WARNING * * *
The orc wizard mumbles some strange words.
You feel a wave of unholy energy pass over you.
You open the door. You block the orc's attack.
The orc wizard mumbles some strange words.
The orc wizard seems to speed up.
There is an open door here.
The orc priest mumbles some strange prayers to Beogh against you.
Something smites you!
You die...

# #.######<###.##.#
#..+.......#..+.#
+..#.......#..#
#..#....)..'..#
#.##.#######+##
###+##.#### #.#
#.........+ ...
+.........# .o.
#####@##### #.#
##...o.#######.#
+..............#
####.o.####.##)#
##'######.##'##
+.o.oo'.o.....#
####.##'####..#
########.##.####..#
#...'.....'.'.....#


You could see an orc priest and 2 orcs.

Vanquished Creatures
  Crazy Yiuf (D:2)
  A hound (D:4)
  A worker ant (D:4)
  Ijyb (D:2)
  6 adders
  4 worms
  2 giant geckos (D:1)
  3 orcs
  5 giant cockroaches
  5 goblins
  3 hobgoblins
  7 kobolds
  A ball python (D:2)
  7 bats
  5 giant newts
  2 jackals (D:1)
  3 rats
57 creatures vanquished.

Notes
Turn   | Place    | Note
--------------------------------------------------------------
     0 | D:1      | CrazyArbalest, the Halfling Fighter, began the quest for the Orb.
     0 | D:1      | Reached XP level 1. HP: 15/15 MP: 1/1
   138 | D:1      | Reached XP level 2. HP: 20/20 MP: 2/2
   585 | D:1      | Reached XP level 3. HP: 25/25 MP: 3/3
   664 | D:2      | Noticed Ijyb
   691 | D:2      | Killed Ijyb
   817 | D:2      | Found a sparkling altar of Nemelex Xobeh.
   863 | D:2      | Reached XP level 4. HP: 28/30 MP: 4/4
   893 | D:2      | Noticed Crazy Yiuf
   913 | D:2      | Killed Crazy Yiuf
   913 | D:2      | Reached skill level 4 in Armour
   913 | D:2      | Reached skill level 1 in Dodging
  1182 | D:2      | Reached XP level 5. HP: 24/36 MP: 5/5
  1496 | D:2      | Found an iron altar of Okawaru.
  1676 | D:2      | Found a shimmering altar of Xom.
  1825 | D:3      | Found a glowing silver altar of Zin.
  1857 | D:3      | Noticed an ice beast
  1895 | D:3      | Noticed Kex's ghost (weakling GrFi)
  2467 | D:3      | Found a blossoming altar of Fedhas.
  2926 | D:4      | Reached XP level 6. HP: 30/42 MP: 6/6
  3129 | D:4      | Killed from afar by an orc priest

Action                   |  1- 3 |  4- 6 || total
-------------------------+-------+-------++-------
Melee: Cutlass           |   132 |   204 ||   336
  Eat: Chunk             |       |     7 ||     7
